 Dungeon Sprint DCSS version 0.25-a0-502-g6516661 (webtiles) character file.

Game seed: 2882953661074015390, levelgen mode: deterministic

119658544 Faca the Conqueror (level 23, 360/360 HPs)
             Began as a Minotaur Fighter on Feb 12, 2020.
             Was the Champion of Okawaru.
             Escaped with the Orb
             ... and 17 runes!
             The game lasted 00:59:26 (15250 turns).

Faca the Conqueror (Minotaur Fighter)              Turns: 15250, Time: 00:59:26

Health: 360/360    AC: 43    Str: 35    XL:     23   Next: 53%
Magic:  56/62      EV: 36    Int:  7    God:    Okawaru [******]
Gold:   1589       SH: 30    Dex: 19    Spells: 76/76 levels left

rFire    . . .     SeeInvis +   J - +6 demon blade (elec)
rCold    + . .     Gourm    .   b - +1 tower shield {AC+3}
rNeg     + . .     Faith    .   B - +4 chain mail {rC+}
rPois    +         Spirit   .   (helmet unavailable)
rElec    +         Reflect  .   A - +2 cloak {rPois}
rCorr    .         Harm     .   u - +0 pair of gloves {Str+3}
MR       +....     NoTele   +   n - +2 pair of boots {run}
Stlth    ..........             I - amulet of regeneration
HPRegen  1.10/turn              r - ring "Kon Rela" {rElec rN+ MP+9 Slay-3 SInv}
MPRegen  0.38/turn              x - ring of Robustness {AC+8}

@: agile, berserking, very slightly contaminated, hasted, invisible, very quick
A: retaliatory headbutt, horns 3, clever 1, electricity resistance
0: Orb of Zot
}: 17/17 runes: decaying, serpentine, barnacled, slimy, elven, silver, golden,
iron, obsidian, icy, bone, abyssal, glowing, magical, fiery, dark, gossamer
a: Heroism, Finesse, Renounce Religion


You escaped.
You worshipped Okawaru.
Okawaru was exalted by your worship.
You were completely stuffed.

You visited 1 branch You collected 1969 gold pieces.
You spent 380 gold pieces at shops.

Inventory:

Hand Weapons
 s - a +9 demon blade
 J - a +6 demon blade of electrocution (weapon)
Missiles
 p - 38 silver javelins
 G - 42 javelins (quivered)
Armour
 b - a +1 tower shield of protection (worn)
 d - the +3 crown of Dyrovepreva {rElec Int+2 SInv}
   (Okawaru gifted it to you in the Dungeon)

   It affects your intelligence (+2).
   It insulates you from electricity.
   It lets you see invisible.
   If you switch to wearing this armour, your AC will increase by 3 (43 -> 46).
 n - a +2 pair of boots of running (worn)
 u - a +0 pair of gloves of strength (worn)
 A - a +2 cloak of poison resistance (worn)
 B - a +4 chain mail of cold resistance (worn)
Jewellery
 a - an uncursed ring of protection from magic
 c - a +6 ring of dexterity
 r - the ring "Kon Rela" (left hand) {rElec rN+ MP+9 Slay-3 SInv}
   (You found it in the Dungeon)

   [ring of see invisible]

   It affects your accuracy and damage with ranged weapons and melee attacks
   (-3).
   It insulates you from electricity.
   It protects you from negative energy.
   It affects your magic capacity (+9).
   It lets you see invisible.
 x - the ring of Robustness (right hand) {AC+8}
   (You took it off an orc knight in the Dungeon)

   [ring of protection]

   It affects your AC (+8).
 I - an amulet of regeneration (around neck)
Wands
 g - a wand of paralysis (9)
 o - a wand of iceblast (10)
 M - a wand of clouds (3)
Scrolls
 k - 4 scrolls of blinking
 m - 7 scrolls of remove curse
 v - a scroll of fog
 w - 5 scrolls of fear
Potions
 e - a potion of curing
 i - 4 potions of magic
 j - a potion of berserk rage
 l - a potion of invisibility
 D - 5 potions of agility
Comestibles
 f - 5 rations


   Skills:
 O Level 27 Fighting
 O Level 27 Long Blades
 O Level 27 Throwing
 O Level 27 Armour
 O Level 27 Dodging
 O Level 27 Stealth
 O Level 27 Shields
 O Level 27 Unarmed Combat
 O Level 27 Spellcasting
 O Level 27 Invocations
 O Level 27 Evocations


You had 76 spell levels left.
You didn't know any spells.
Your spell library contained the following spells:

 Spells                   Type           Power        Failure   Level  Hunger
 Magic Dart               Conj           #...         5%          1    None
 Blink                    Tloc           N/A          8%          2    None
 Call Imp                 Summ           #.......     8%          2    None
 Slow                     Hex            #.......     8%          2    None
 Conjure Flame            Conj/Fire      #.......     16%         3    None
 Mephitic Cloud           Conj/Pois/Air  #.......     16%         3    None


Dungeon Overview and Level Annotations

Branches:
Dungeon (1/1)

Altars:
Cheibriados
Dithmenos
Elyvilon
Fedhas
Gozag
Hepliaklqana
Kikubaaqudgha
Makhleb
Nemelex Xobeh
Okawaru
Qazlal
Ru
Sif Muna
Trog
Uskayaw
Vehumet
Wu Jian
Xom
Yredelemnul
Zin
The Shining One
Beogh
Jiyva
Lugonu

Shops:
D %*[[


Innate Abilities, Weirdness & Mutations

You reflexively headbutt those who attack you in melee.
You have a pair of large horns on your head.
Your mind is acute. (Int +2)
You are resistant to electric shocks. (rElec)


Message History

You're too full to eat anything.
Unknown command.
You feel yourself speed up.
You fade into invisibility!
You are very lightly contaminated with residual magic.
You feel agile all of a sudden.
Really quaff the potion of mutation?
You feel extremely strange.
Your magic regains its normal vibrancy.
You feel agile.
You feel healthier.
You feel less energetic.
Your feet thicken and deform.
You feel insulated.
Really quaff the potion of mutation?
You feel extremely strange.
You feel more energetic.
You feel stronger.
Your hooves expand and flesh out into feet!
You feel clever. The horns on your head grow some more.
The +3 crown of Dyrovepreva {rElec Int+2 SInv} falls away!
A red film seems to cover your vision as you go berserk!
You feel yourself moving faster!
You feel mighty!
You feel a strong urge to attack something.
You have escaped!

▓.▓.▓.▓.▓.▓.▓.▓.▓.
▓.▓.▓'▓.▓.▓.▓.▓.▓.
▓.▓.▓.▓.▓.▓.▓[▓.▓.
▓)▓.▓.▓.▓.▓.▓.▓.▓.
▓)▓.▓.▓.▓.▓.▓.▓.▓.
▓.▓.▓.▓.▓.▓.▓.▓.▓.
▓.▓.▓.▓.▓.▓.▓.▓.▓.
▓.▓.▓.▓[▓.▓.▓.▓.▓.
▓@▓...▓.[.▓...▓...
▓▓▓▓▓▓▓▓▓▓▓▓▓▓▓▓▓▓


There were no monsters in sight!

Vanquished Creatures
  Cerebov (D)
  Antaeus (D)
  the Royal Jelly (D)
  Asmodeus (D)
  Ereshkigal (D)
  Gloorx Vloq (D)
  Mnoleg (D)
  Lom Lobon (D)
  Dispater (D)
  Mara (D)
  Mennas (D)
  3 orbs of fire (D)
  7 ancient liches (D)
  5 greater mummies (D)
  A Killer Klown (D)
  Margery (D)
  A curse toe (D)
  Geryon (D)
  3 golden dragons (D)
  Jory (D)
  A bone dragon (D)
  A profane servitor (D)
  6 pandemonium lords (D)
  2 electric golems (D)
  6 Brimstone Fiends (D)
  3 liches (D)
  3 Tzitzimimeh (D)
  6 tentacled monstrosities (D)
  36 Orb Guardians (D)
  An Ice Fiend (D)
  2 Hell Sentinels (D)
  3 quicksilver dragons (D)
  6 acid blobs (D)
  3 deep elf blademasters (D)
  A titan (D)
  A tentacled starspawn (D)
  Agnes (D)
  13 sphinxes (D)
  5 Executioners (D)
  A death cob (D)
  Donald (D)
  Kirke (D)
  6 shadow dragons (D)
  A draconian monk (D)
  7 nagarajas (D)
  Ilsuiw (D)
  9 azure jellies (D)
  An iron dragon (D)
  2 fire giants (D)
  2 cacodemons (D)
  4 ghost moths (D)
  3 vault wardens (D)
  2 draconian scorchers (D)
  2 deep elf sorcerers (D)
  Louise (D)
  A frost giant (D)
  2 draconian knights (D)
  6 emperor scorpions (D)
  An orc warlord (D)
  Aizul (D)
  3 ironheart preservers (D)
  3 draconian shifters (D)
  A balrug (D)
  A draconian annihilator (D)
  2 stone giants (D)
  7 vampire knights (D)
  2 deep elf demonologists (D)
  An ophan (D)
  3 green draconians (D)
  2 entropy weavers (D)
  5 black draconians (D)
  3 deep elf annihilators (D)
  2 lorocyprocas (D)
  Nessos (D)
  3 purple draconians (D)
  3 white draconians (D)
  4 yellow draconians (D)
  4 red draconians (D)
  3 deep elf death magi (D)
  2 merfolk impalers (D)
  Snorg (D)
  5 merfolk javelineers (D)
  3 ettins (D)
  4 mummy priests (D)
  A deep elf high priest (D)
  3 blizzard demons (D)
  A green death (D)
  Erolcha (D)
  4 fire dragons (D)
  5 great orbs of eyes (D)
  8 death oozes (D)
  8 hydras (D)
  A naga warrior (D)
  A monstrous demonspawn (D)
  A ghost crab (D)
  An anaconda (D)
  25 vault guards (D)
  A hell beast (D)
  5 ice dragons (D)
  A centaur warrior (D)
  3 ogre magi (D)
  A death knight (D)
  2 merfolk avatars (D)
  A merfolk aquamancer (D)
  A deep troll earth mage (D)
  A satyr (D)
  A deep troll shaman (D)
  8 hell hogs (D)
  A spriggan berserker (D)
  A vampire mage (D)
  3 naga sharpshooters (D)
  Urug (D)
  A shock serpent (D)
  3 sun demons (D)
  4 small abominations (D)
  A shadow wraith (D)
  2 sixfirhies (D)
  Nergalle (D)
  4 hell knights (D)
  2 unseen horrors (D)
  11 large abominations (D)
  2 unseen horrors (shapeshifter) (D)
  2 shadow demons (D)
  6 swamp dragons (D)
  3 ironbrand convokers (D)
  A lindwurm (shapeshifter) (D)
  A harpy (D)
  3 necromancers (D)
  2 ugly things (D)
  15 orc knights (D)
  7 wolf spiders (D)
  A deep elf mage (D)
  3 manticores (D)
  A cyclops (D)
  6 moths of wrath (D)
  3 guardian serpents (D)
  A merfolk siren (D)
  Maurice (D)
  2 naga magi (D)
  2 black mambas (D)
  2 toenail golems (D)
  An apocalypse crab (D)
  2 rust devils (D)
  A gargoyle (D)
  A vault sentinel (D)
  A smoke demon (D)
  An orange demon (D)
  4 spiny frogs (D)
  3 hellions (D)
  A rime drake (D)
  4 yaktaurs (D)
  2 efreet (D)
  5 demonic crawlers (D)
  2 ice devils (D)
  2 tormentors (D)
  2 hellwings (D)
  19 guardian mummies (D)
  2 red devils (D)
  2 jumping spiders (D)
  2 tengu conjurers (D)
  A wandering mushroom (D)
  4 merfolk (D)
  3 polar bears (D)
  A hornet (D)
  4 slime creatures (D)
  A tyrant leech (D)
  3 bog bodies (D)
  2 hippogriffs (D)
  2 snapping turtles (D)
  12 spriggans (D)
  2 yaks (D)
  A tarantella (D)
  A wraith (D)
  A redback (D)
  A vampire (D)
  2 fire bats (D)
  6 golden eyes (D)
  A basilisk (D)
  4 hogs (D)
  A hungry ghost (D)
  Grum (D)
  2 vampire mosquitoes (D)
  A warg (shapeshifter) (D)
  An acid dragon (D)
  2 nagas (D)
  A water moccasin (shapeshifter) (D)
  4 floating eyes (D)
  A water moccasin (D)
  3 porcupines (D)
  14 orc warriors (D)
  5 black bears (D)
  An eye of draining (D)
  An ogre (D)
  3 wolves (D)
  3 crocodiles (D)
  3 bullfrogs (D)
  A scorpion (D)
  A killer bee (D)
  A howler monkey (D)
  A crimson imp (D)
  An orc priest (D)
  6 orc wizards (D)
  3 ball lightnings (D)
  A leopard gecko (D)
  8 orcs (D)
  2 bats (D)
  2 bat skeletons (D)
  A goblin (D)
  A hobgoblin (D)
  A ball python zombie (D)
  2 giant cockroach zombies (D)
  A jackal zombie (D)
  A kobold (D)
  A quokka simulacrum (D)
  A quokka skeleton (D)
  2 quokka zombies (D)
  A rat (D)
  3 fire vortices (D)
  A starspawn tentacle (D)
640 creatures vanquished.

Vanquished Creatures (others)
  A small abomination (D)
  3 ball lightnings (D)
  A fire vortex (D)
  A starspawn tentacle (D)
6 creatures vanquished.

Grand Total: 646 creatures vanquished

Notes
Turn   | Place    | Note
-------+----------+-------------------------------------------
     0 | D        | Faca the Minotaur Fighter began the quest for the Orb.
     0 | D        | Reached XP level 1. HP: 19/19 MP: 0/0
    18 | D        | Noticed a scorpion
    27 | D        | Killed a scorpion
    27 | D        | Reached XP level 2. HP: 15/34 MP: 1/1
    27 | D        | Reached XP level 3. HP: 18/39 MP: 2/2
   297 | D        | Found a roughly hewn altar of Beogh.
   297 | D        | Found a snail-covered altar of Cheibriados.
   297 | D        | Found a shadowy altar of Dithmenos.
   297 | D        | Found a white marble altar of Elyvilon.
   297 | D        | Found a blossoming altar of Fedhas.
   297 | D        | Found an opulent altar of Gozag.
   298 | D        | Found a hazy altar of Hepliaklqana.
   299 | D        | Found a viscous altar of Jiyva.
   300 | D        | Found an ancient bone altar of Kikubaaqudgha.
   301 | D        | Found a corrupted altar of Lugonu.
   302 | D        | Found a burning altar of Makhleb.
   303 | D        | Found a sparkling altar of Nemelex Xobeh.
   304 | D        | Found an iron altar of Okawaru.
   305 | D        | Found a stormy altar of Qazlal.
   306 | D        | Found a sacrificial altar of Ru.
   307 | D        | Found a shimmering blue altar of Sif Muna.
   308 | D        | Found a bloodstained altar of Trog.
   309 | D        | Found a hide-covered altar of Uskayaw.
   310 | D        | Found a radiant altar of Vehumet.
   311 | D        | Found an ornate altar of the Wu Jian Council.
   312 | D        | Became a worshipper of Warmaster Okawaru
   313 | D        | Found a shimmering altar of Xom.
   314 | D        | Found a basalt altar of Yredelemnul.
   315 | D        | Found a glowing silver altar of Zin.
   316 | D        | Found a glowing golden altar of the Shining One.
   366 | D        | Noticed a killer bee
   366 | D        | Noticed an ogre
   370 | D        | Killed an ogre
   370 | D        | Reached * piety under Okawaru
   370 | D        | Reached XP level 4. HP: 47/50 MP: 3/3
   370 | D        | Reached XP level 5. HP: 53/57 MP: 4/4
   375 | D        | Killed an unseen horror
   375 | D        | Reached ** piety under Okawaru
   375 | D        | Reached XP level 6. HP: 44/72 MP: 5/5
   375 | D        | Reached XP level 7. HP: 49/79 MP: 6/6
   520 | D        | Noticed a hippogriff
   520 | D        | Noticed a cyclops
   520 | D        | Noticed a gargoyle
   520 | D        | Noticed a manticore
   526 | D        | Killed a manticore
   526 | D        | Reached XP level 8. HP: 72/90 MP: 4/7
   534 | D        | Killed a gargoyle
   534 | D        | Reached *** piety under Okawaru
   534 | D        | Reached skill level 15 in Fighting
   534 | D        | Reached skill level 15 in Long Blades
   539 | D        | Killed a cyclops
   544 | D        | Killed a hippogriff
   544 | D        | Reached XP level 9. HP: 78/101 MP: 5/8
   730 | D        | Got the cursed ring of the Death Scarab {rElec EV-2 Int+8}
   743 | D        | Noticed a seven-headed hydra
   743 | D        | Noticed a spiny frog
   743 | D        | Noticed a spiny frog
   746 | D        | Killed a spiny frog
   746 | D        | Reached **** piety under Okawaru
   750 | D        | Killed a spiny frog
   752 | D        | Noticed a spiny frog
   772 | D        | Killed a seven-headed hydra
   772 | D        | Reached ***** piety under Okawaru
   785 | D        | Killed a spiny frog
   785 | D        | Reached XP level 10. HP: 31/114 MP: 9/9
  1080 | D        | Received a gift from Okawaru
  1310 | D        | Noticed Grum
  1324 | D        | Killed Grum
  1512 | D        | Noticed an orc knight
  1516 | D        | Noticed an orc knight
  1519 | D        | Killed an orc knight
  1519 | D        | Received a gift from Okawaru
  1543 | D        | Killed an orc knight
  1543 | D        | Reached skill level 1 in Dodging
  1569 | D        | Reached XP level 11. HP: 63/126 MP: 10/10
  1572 | D        | Reached skill level 1 in Throwing
  1592 | D        | Reached skill level 5 in Armour
  1592 | D        | Reached skill level 5 in Shields
  1630 | D        | Noticed an orc knight
  1644 | D        | Killed an orc knight
  1956 | D        | Found Masoxad's Armour Boutique.
  1956 | D        | Noticed an orc knight
  1956 | D        | Noticed an orc knight
  1956 | D        | Noticed an orc knight
  1956 | D        | Noticed an orc knight
  1957 | D        | Noticed an orc knight
  1959 | D        | Noticed an orc knight
  1966 | D        | Killed an orc knight
  1971 | D        | Killed an orc knight
  1971 | D        | Received a gift from Okawaru
  1981 | D        | Killed an orc knight
  1981 | D        | Reached skill level 5 in Dodging
  2037 | D        | Killed an orc knight
  2046 | D        | Killed an orc knight
  2046 | D        | Reached skill level 5 in Throwing
  2171 | D        | Killed an orc knight
  2580 | D        | Found Xolavoec's Armour Shop.
  2601 | D        | Found Pajaynupn's Assorted Antiques.
  2605 | D        | Found Burgh's Food Shop.
  2608 | D        | Noticed an orc knight
  2610 | D        | Noticed an orc knight
  2618 | D        | Killed an orc knight
  2623 | D        | Killed an orc knight
  2639 | D        | Bought a scroll labeled LUCZEG OMIGE for 17 gold pieces
  2639 | D        | Bought a scroll labeled MURICW AHUNIS for 17 gold pieces
  2657 | D        | Bought a +4 chain mail of cold resistance for 346 gold
                  | pieces
  2724 | D        | Noticed Urug
  2725 | D        | Noticed Maurice
  2738 | D        | Killed Urug
  2738 | D        | Reached skill level 1 in Invocations
  2747 | D        | Killed Maurice
  2828 | D        | Noticed Erolcha
  2839 | D        | Killed Erolcha
  3077 | D        | Noticed a lich
  3080 | D        | Reached skill level 10 in Armour
  3088 | D        | Noticed a necromancer
  3091 | D        | Noticed a deep troll earth mage
  3103 | D        | Killed a lich
  3103 | D        | Reached ****** piety under Okawaru
  3103 | D        | Received a gift from Okawaru
  3103 | D        | Reached skill level 10 in Shields
  3103 | D        | Reached XP level 12. HP: 63/134 MP: 11/14
  3113 | D        | Reached skill level 5 in Invocations
  3127 | D        | Killed a deep troll earth mage
  3439 | D        | Noticed a fire dragon
  3444 | D        | Noticed a fire dragon
  3450 | D        | Killed a fire dragon
  3460 | D        | Killed a fire dragon
  3460 | D        | Reached skill level 10 in Dodging
  3606 | D        | Noticed Donald
  3622 | D        | Killed Donald
  3622 | D        | Received a gift from Okawaru
  3656 | D        | Noticed an entropy weaver
  3656 | D        | Noticed an entropy weaver
  3666 | D        | Received a gift from Okawaru
  3667 | D        | Killed an entropy weaver
  3676 | D        | Killed an entropy weaver
  3676 | D        | Received a gift from Okawaru
  3676 | D        | Reached skill level 10 in Throwing
  3778 | D        | Noticed an anaconda
  3781 | D        | Killed an anaconda
  3783 | D        | Reached XP level 13. HP: 142/143 MP: 14/18
  3793 | D        | Received a gift from Okawaru
  4102 | D        | Noticed Kirke
  4146 | D        | Killed Kirke
  4215 | D        | Noticed a fire dragon
  4218 | D        | Reached skill level 10 in Invocations
  4225 | D        | Received a gift from Okawaru
  4232 | D        | Noticed a fire giant
  4238 | D        | Killed a fire dragon
  4257 | D        | Killed a fire giant
  4283 | D        | Reached skill level 15 in Armour
  4297 | D        | Reached skill level 15 in Shields
  4302 | D        | Noticed a jiangshi
  4568 | D        | Noticed an ettin
  4579 | D        | Reached XP level 14. HP: 129/154 MP: 17/20
  4739 | D        | Noticed an ironheart preserver
  4743 | D        | Paralysed by a great orb of eyes for 4 turns
  4763 | D        | Killed an ironheart preserver
  4763 | D        | Received a gift from Okawaru
  4875 | D        | Noticed an ironheart preserver
  4888 | D        | Killed an ironheart preserver
  4888 | D        | Noticed a vault warden
  4896 | D        | Noticed a stone giant
  4902 | D        | Noticed a stone giant
  4909 | D        | Killed a vault warden
  4921 | D        | Killed a stone giant
  4929 | D        | Killed a stone giant
  4938 | D        | Noticed a vault warden
  4939 | D        | Received a gift from Okawaru
  4955 | D        | Killed a vault warden
  4955 | D        | Reached skill level 15 in Dodging
  5138 | D        | Noticed Jory
  5154 | D        | Killed Jory
  5154 | D        | Received a gift from Okawaru
  5233 | D        | Found the +8 trident of the Octopus King {venom, rElec
                  | rPois MR+}
  5328 | D        | Noticed Agnes
  5336 | D        | Killed Agnes
  5345 | D        | Noticed Mara
  5358 | D        | Killed Mara
  5432 | D        | Reached XP level 15. HP: 166/166 MP: 21/21
  5435 | D        | Reached skill level 15 in Throwing
  5449 | D        | Got a decaying rune of Zot
  5576 | D        | Noticed a nagaraja
  5576 | D        | Noticed a nagaraja
  5576 | D        | Noticed a nagaraja
  5576 | D        | Noticed a nagaraja
  5577 | D        | Noticed a nagaraja
  5579 | D        | Killed a nagaraja
  5581 | D        | Killed a nagaraja
  5581 | D        | Received a gift from Okawaru
  5582 | D        | Killed a nagaraja
  5582 | D        | Noticed a nagaraja
  5584 | D        | Killed a nagaraja
  5584 | D        | Killed a nagaraja
  5588 | D        | Killed a nagaraja
  5590 | D        | Noticed a nagaraja
  5598 | D        | Killed a nagaraja
  5614 | D        | Got a serpentine rune of Zot
  5657 | D        | Noticed Ilsuiw
  5659 | D        | Received a gift from Okawaru
  5662 | D        | Killed Ilsuiw
  5716 | D        | Got a barnacled rune of Zot
  5868 | D        | Killed a ghost moth
  5868 | D        | Received a gift from Okawaru
  5926 | D        | Got a gossamer rune of Zot
  6101 | D        | Noticed Nergalle
  6109 | D        | Killed Nergalle
  6173 | D        | Noticed Snorg
  6178 | D        | Noticed Aizul
  6184 | D        | Killed Snorg
  6184 | D        | Reached XP level 16. HP: 178/178 MP: 22/22
  6202 | D        | Killed Aizul
  6452 | D        | Received a gift from Okawaru
  6574 | D        | Noticed a sphinx
  6579 | D        | Noticed a shadow dragon
  6581 | D        | Noticed a shadow dragon
  6584 | D        | Killed a sphinx
  6587 | D        | Killed a shadow dragon
  6592 | D        | Killed a shadow dragon
  6854 | D        | Noticed a shadow dragon
  6854 | D        | Noticed an ancient lich
  6854 | D        | Noticed a titan
  6854 | D        | Noticed a shadow dragon
  6858 | D        | Noticed a shadow dragon
  6860 | D        | Killed a titan
  6860 | D        | Received a gift from Okawaru
  6861 | D        | Killed a shadow dragon
  6861 | D        | Killed a shadow dragon
  6861 | D        | Reached skill level 27 in Fighting
  6862 | D        | Killed a shadow dragon
  6862 | D        | Reached skill level 27 in Long Blades
  6871 | D        | Killed an ancient lich
  6871 | D        | Reached XP level 17. HP: 189/191 MP: 25/25
  6885 | D        | Identified a +0 pair of boots of running (Okawaru gifted it
                  | to you in the Dungeon)
  6888 | D        | Noticed a quicksilver dragon
  6889 | D        | Found the +2 cloak of the Thief {+Fog Slay-2 SInv Stlth+}
  6899 | D        | Killed a quicksilver dragon
  6906 | D        | Got a silver rune of Zot
  6916 | D        | Noticed Mennas
  6980 | D        | Killed Mennas
  7150 | D        | Noticed Nessos
  7167 | D        | Killed Nessos
  7251 | D        | Got the ring of Unno Mim Kio {rC+ SInv}
  7259 | D        | Got the ring of Ceptythan {rPois rN+ MP+9 Dex+3}
  7262 | D        | Got the ring "Kon Rela" {rElec rN+ MP+9 Slay-3 SInv}
  7273 | D        | Got the +5 demon blade "Dynuhi" {vamp, rF+}
  7359 | D        | Noticed Louise
  7361 | D        | Noticed Margery
  7385 | D        | Killed Margery
  7398 | D        | Killed Louise
  7492 | D        | Received a gift from Okawaru
  7664 | D        | Noticed a bone dragon
  7677 | D        | Killed a bone dragon
  7994 | D        | Received a gift from Okawaru
  7994 | D        | Noticed a tentacled monstrosity
  7996 | D        | Noticed a tentacled monstrosity
  7998 | D        | Killed a tentacled monstrosity
  7999 | D        | Received a gift from Okawaru
  7999 | D        | Reached skill level 27 in Armour
  7999 | D        | Reached skill level 15 in Invocations
  8002 | D        | Reached skill level 27 in Shields
  8006 | D        | Killed a tentacled monstrosity
  8138 | D        | Noticed a quicksilver dragon
  8138 | D        | Noticed a tentacled monstrosity
  8142 | D        | Killed a tentacled monstrosity
  8142 | D        | Reached XP level 18. HP: 178/200 MP: 25/29
  8144 | D        | Received a gift from Okawaru
  8315 | D        | Noticed a tentacled monstrosity
  8318 | D        | Received a gift from Okawaru
  8318 | D        | Killed a tentacled monstrosity
  8438 | D        | Noticed an Orb Guardian
  8438 | D        | Noticed an Orb Guardian
  8438 | D        | Noticed an Orb Guardian
  8438 | D        | Noticed an Orb Guardian
  8438 | D        | Noticed an Orb Guardian
  8438 | D        | Noticed an Orb Guardian
  8440 | D        | Killed an Orb Guardian
  8440 | D        | Noticed an Orb Guardian
  8442 | D        | Noticed an Orb Guardian
  8443 | D        | Killed an Orb Guardian
  8443 | D        | Killed an Orb Guardian
  8444 | D        | Killed an Orb Guardian
  8444 | D        | Killed an Orb Guardian
  8444 | D        | Killed an Orb Guardian
  8445 | D        | Killed an Orb Guardian
  8446 | D        | Killed an Orb Guardian
  8446 | D        | Received a gift from Okawaru
  8449 | D        | Noticed an Orb Guardian
  8450 | D        | Noticed an Orb Guardian
  8455 | D        | Killed an Orb Guardian
  8466 | D        | Killed an Orb Guardian
  8506 | D        | Noticed a curse toe
  8506 | D        | Noticed an Orb Guardian
  8506 | D        | Noticed an Orb Guardian
  8506 | D        | Noticed a tentacled monstrosity
  8506 | D        | Noticed a golden dragon
  8508 | D        | Killed a curse toe
  8508 | D        | Received a gift from Okawaru
  8510 | D        | Killed an Orb Guardian
  8511 | D        | Noticed an Orb Guardian
  8512 | D        | Killed a golden dragon
  8512 | D        | Reached skill level 27 in Throwing
  8513 | D        | Killed a tentacled monstrosity
  8513 | D        | Noticed an Orb Guardian
  8516 | D        | Killed an Orb Guardian
  8519 | D        | Killed an Orb Guardian
  8524 | D        | Killed an Orb Guardian
  8560 | D        | Noticed an ancient lich
  8568 | D        | Killed an ancient lich
  8568 | D        | Reached XP level 19. HP: 163/207 MP: 33/33
  8620 | D        | Noticed an orb of fire
  8634 | D        | Killed an orb of fire
  8756 | D        | Noticed an electric golem
  8771 | D        | Killed an electric golem
  8822 | D        | Noticed an orb of fire
  8822 | D        | Noticed a Killer Klown
  8822 | D        | Noticed an electric golem
  8827 | D        | Noticed an orb of fire
  8827 | D        | Gained mutation: You are weak. (Str -2) [an orb of fire]
  8829 | D        | Killed a Killer Klown
  8829 | D        | Received a gift from Okawaru
  8830 | D        | Reached skill level 27 in Dodging
  8835 | D        | Gained mutation: Your body sometimes deteriorates upon
                  | taking damage. [an orb of fire]
  8839 | D        | Killed an orb of fire
  8840 | D        | Killed an electric golem
  8847 | D        | Noticed a golden dragon
  8849 | D        | Killed an orb of fire
  8849 | D        | Reached skill level 27 in Invocations
  8850 | D        | Noticed a golden dragon
  8854 | D        | Killed a golden dragon
  8855 | D        | Killed a golden dragon
  8867 | D        | Noticed an ancient lich
  8894 | D        | Killed an ancient lich
  8894 | D        | Received a gift from Okawaru
  8894 | D        | Reached skill level 15 in Stealth
  9062 | D        | Reached XP level 20. HP: 190/216 MP: 36/36
  9180 | D        | Noticed an ancient lich
  9180 | D        | Noticed an ancient lich
  9180 | D        | Noticed an ancient lich
  9187 | D        | Killed an ancient lich
  9187 | D        | Killed an ancient lich
  9187 | D        | Received a gift from Okawaru
  9191 | D        | Killed an ancient lich
  9201 | D        | Paralysed by a vampire knight for 6 turns
  9318 | D        | Reached skill level 27 in Stealth
  9321 | D        | Received a gift from Okawaru
  9321 | D        | Reached skill level 5 in Evocations
  9330 | D        | Reached skill level 10 in Evocations
  9332 | D        | Received a gift from Okawaru
  9370 | D        | Received a gift from Okawaru
  9379 | D        | Got an elven rune of Zot
  9447 | D        | Reached skill level 15 in Evocations
  9453 | D        | Noticed the Royal Jelly
  9461 | D        | Killed the Royal Jelly
  9561 | D        | Got a slimy rune of Zot
  9661 | D        | Reached XP level 21. HP: 224/224 MP: 37/37
  9661 | D        | Received a gift from Okawaru
  9680 | D        | Received a gift from Okawaru
  9936 | D        | Noticed a greater mummy
  9948 | D        | Killed a greater mummy
  9948 | D        | Lost intelligence.
 10114 | D        | Noticed a greater mummy
 10114 | D        | Noticed a greater mummy
 10114 | D        | Noticed a greater mummy
 10120 | D        | Noticed a greater mummy
 10121 | D        | Reached skill level 27 in Evocations
 10121 | D        | Reached skill level 1 in Unarmed Combat
 10125 | D        | Killed a greater mummy
 10126 | D        | Killed a greater mummy
 10126 | D        | Received a gift from Okawaru
 10128 | D        | Killed a greater mummy
 10132 | D        | Killed a greater mummy
 10362 | D        | Got a golden rune of Zot
 10366 | D        | Noticed an ancient lich
 10374 | D        | Killed an ancient lich
 10374 | D        | Reached skill level 15 in Unarmed Combat
 10374 | D        | Reached skill level 10 in Spellcasting
 10494 | D        | Got an abyssal rune of Zot
 10619 | D        | Noticed Geryon
 10634 | D        | Killed Geryon
 10636 | D        | Noticed Lom Lobon
 10636 | D        | Noticed Antaeus
 10638 | D        | Noticed Ereshkigal
 10651 | D        | Identified the +4 staff of Dispater
 10651 | D        | Noticed Dispater
 10682 | D        | Killed Antaeus
 10682 | D        | Received a gift from Okawaru
 10689 | D        | Noticed Gloorx Vloq
 10692 | D        | Killed Dispater
 10695 | D        | Killed Lom Lobon
 10707 | D        | Killed Ereshkigal
 10707 | D        | Received a gift from Okawaru
 10707 | D        | Reached skill level 15 in Spellcasting
 10707 | D        | Reached XP level 22. HP: 36/233 MP: 25/40
 10712 | D        | HP: 10/233 [??? (5)]
 10982 | D        | HP: 11/232 [Gloorx Vloq (28)]
 10991 | D        | Killed Gloorx Vloq
 11299 | D        | Got an icy rune of Zot
 11303 | D        | Got a magical rune of Zot
 11308 | D        | Got a bone rune of Zot
 11310 | D        | Noticed Mnoleg
 11326 | D        | Identified the +7 sceptre of Asmodeus
 11326 | D        | Noticed Asmodeus
 11329 | D        | Killed Mnoleg
 11329 | D        | Received a gift from Okawaru
 11347 | D        | Killed Asmodeus
 11351 | D        | Got an iron rune of Zot
 11365 | D        | Got a dark rune of Zot
 11367 | D        | Identified the +6 sword of Cerebov {flame}
 11367 | D        | Noticed Cerebov
 11369 | D        | Got a glowing rune of Zot
 11413 | D        | Killed Cerebov
 11413 | D        | Received a gift from Okawaru
 11413 | D        | Reached skill level 27 in Unarmed Combat
 11427 | D        | Got an obsidian rune of Zot
 11431 | D        | Got a fiery rune of Zot
 11861 | D        | Got the Orb of Zot
 12073 | D        | Noticed Peruheer the pandemonium lord
 12099 | D        | Killed Peruheer the pandemonium lord
 12368 | D        | Received a gift from Okawaru
 12369 | D        | Got a twisted shortbow {god gift}
 13050 | D        | Noticed Izoxine the pandemonium lord
 13069 | D        | Killed Izoxine the pandemonium lord
 13112 | D        | Noticed Haecam the pandemonium lord
 13131 | D        | Killed Haecam the pandemonium lord
 13493 | D        | Received a gift from Okawaru
 13512 | D        | Noticed Lumyer the pandemonium lord
 13527 | D        | Killed Lumyer the pandemonium lord
 13527 | D        | Reached XP level 23. HP: 150/240 MP: 51/51
 13920 | D        | Gained mutation: Your spells are a little easier to cast,
                  | but a little less powerful. [a cacodemon]
 13928 | D        | Noticed Zunent the pandemonium lord
 13955 | D        | Received a gift from Okawaru
 13956 | D        | Found the +3 crown of Dyrovepreva {rElec Int+2 SInv}
 13957 | D        | Killed Zunent the pandemonium lord
 14205 | D        | Reached skill level 27 in Spellcasting
 14783 | D        | Noticed Godiaf the pandemonium lord
 14784 | D        | Gained mutation: You are clumsy. (Dex -2) [a cacodemon]
 14854 | D        | Killed Godiaf the pandemonium lord
 15246 | D        | Lost mutation: Your spells are a little easier to cast, but
                  | a little less powerful. [potion of mutation]
 15246 | D        | Lost mutation: You are clumsy. (Dex -2) [potion of
                  | mutation]
 15246 | D        | Lost mutation: Your body sometimes deteriorates upon taking
                  | damage. [potion of mutation]
 15246 | D        | Gained mutation: Your magical capacity is low. (-10% MP)
                  | [potion of mutation]
 15246 | D        | Gained mutation: You have large cloven feet. [potion of
                  | mutation]
 15246 | D        | Gained mutation: You are resistant to electric shocks.
                  | (rElec) [potion of mutation]
 15247 | D        | Lost mutation: Your magical capacity is low. (-10% MP)
                  | [potion of mutation]
 15247 | D        | Lost mutation: You are weak. (Str -2) [potion of mutation]
 15247 | D        | Lost mutation: You have large cloven feet. [potion of
                  | mutation]
 15247 | D        | Gained mutation: Your mind is acute. (Int +2) [potion of
                  | mutation]
 15247 | D        | Gained mutation: You have a pair of large horns on your
                  | head. [potion of mutation]
 15250 | D        | Escaped with the Orb!

Levels and vault maps discovered:
D:        linesprint [early_d, line_temple, items_1, d_10, items_2, lair_1,
          lair_end, items_3, orc_1, orc_end, items_4, d_15, swamp_1, shoals_1,
          snake_1, spider_1, d_20, vaults_1, items_5, swamp_end, shoals_end,
          snake_end, spider_end, vaults_end, d_27, items_6, zot_1, zot_end,
          crypt_end, forest_end, elf_end, slime_end, tomb_end, abyss_end,
          pan_hell_end]

Skill      XL: |  1  2  3  4  5  6  7  8  9 10 11 12 13 14 15 16 17 18 19 20 21 22 23 |
---------------+----------------------------------------------------------------------+-----
Fighting       | 7 9 13 14 16 18 20 21 22 23 25 27 | 27.0
Long Blades    | 6 8 13 14 16 18 20 22 23 25 27 | 27.0
Armour         | 4 10 12 15 17 20 23 27 | 27.0
Dodging        | 2 9 11 13 16 18 19 25 27 | 27.0
Shields        | 4 10 12 15 17 20 23 27 | 27.0
Throwing       | 8 10 12 14 17 19 23 27 | 27.0
Invocations    | 4 8 10 12 16 23 27 | 27.0
Stealth        | 21 27 | 27.0
Evocations     | 22 27 | 27.0
Unarmed Combat | 22 27 | 27.0
Spellcasting   | 15 25 27 | 27.0

Action                   |  1- 3 |  4- 6 |  7- 9 | 10-12 | 13-15 | 16-18 | 19-21 | 22-24 || total
-------------------------+-------+-------+-------+-------+-------+-------+-------+-------++-------
Melee: Long sword        |    21 |       |       |       |       |       |       |       ||    21
       Headbutt          |     5 |     1 |    21 |    78 |   122 |   178 |    93 |   142 ||   640
       Scimitar          |     4 |     5 |    51 |   371 |    95 |       |       |       ||   526
       Rapier            |       |       |    17 |       |       |       |       |       ||    17
       Demon blade       |       |       |       |       |   215 |   481 |   266 |   548 ||  1510
       Unarmed           |       |       |       |       |       |       |       |    11 ||    11
Throw: Boomerang         |       |       |       |     8 |    11 |       |       |       ||    19
       Javelin           |       |       |       |    10 |    66 |    61 |   174 |   127 ||   438
Invok: Heroism           |       |       |     2 |    11 |    14 |     8 |     1 |       ||    36
       Finesse           |       |       |       |       |     1 |       |     8 |     7 ||    16
  Use: Potion            |       |       |     1 |     5 |       |     2 |     4 |    29 ||    41
       Scroll            |       |       |       |     1 |     4 |     7 |     2 |     5 ||    19
 Stab: Sleeping          |       |       |       |       |       |       |     2 |       ||     2
       Confused          |       |       |       |       |       |       |       |     2 ||     2
       Distracted        |       |       |       |       |       |       |       |     1 ||     1
  Eat: Chunk             |       |       |       |    10 |     7 |     8 |     1 |       ||    26
       Ration            |       |       |       |       |       |       |     2 |     6 ||     8
Armor: Scale mail        |     3 |       |       |       |       |       |       |       ||     3
       Plate armour      |     1 |     3 |    39 |    40 |       |       |       |       ||    83
       Chain mail        |       |       |       |    37 |    55 |    83 |    36 |   168 ||   379
Dodge: Dodged            |     6 |       |    33 |   113 |   134 |    98 |    78 |   178 ||   640
Block: Kite shield       |     9 |       |    36 |   135 |   145 |       |       |       ||   325
       Reflection        |       |       |       |       |     9 |       |       |       ||     9
       Tower shield      |       |       |       |       |    15 |   290 |   168 |   414 ||   887
       Rpst.: Long sword |     2 |       |       |       |       |       |       |       ||     2
       Scimitar          |       |       |     3 |    25 |     4 |       |       |       ||    32
       Demon blade       |       |       |       |       |    17 |    11 |    11 |    12 ||    51

Table legend:
 A = Non-vault XP
 B = Vault XP
 C = Vault XP percentage of total XP
 D = Non-vault monster count
 E = Vault monster count
 F = Vault count percentage of total count
                 A         B        C        D         E       F
            +---------+---------+-------+---------+---------+-------
      Total |    1853 |  775197 |  99.8 |       6 |     524 |  98.9
            +---------+---------+-------+---------+---------+-------
          D |    1853 |  775197 |  99.8 |       6 |     524 |  98.9
            +---------+---------+-------+---------+---------+-------
